 Dungeon Crawl Stone Soup version 0.27.0-66-gdc8fb28755 (webtiles) character file.

Game seed: 14413473606483511345

318 Thatpatchoflichen the Skirmisher (level 6, 0/31 HPs)
             Began as a Felid Berserker on Aug 20, 2021.
             Was a Believer of Trog.
             Slain by an ogre (8 damage)
             ... on level 5 of the Dungeon.
             The game lasted 00:09:24 (6665 turns).

Thatpatchoflichen the Skirmisher (Felid Berserker)  Turns: 6665, Time: 00:09:25

Health: 0/31       AC:  2    Str: 21    XL:     6   Next: 21%
Magic:  7/7        EV: 20    Int:  8    God:    Trog [**....]
Gold:   233        SH:  0    Dex: 16    Spells: 5/5 levels left
                                        Lives:  0   Deaths: 1

rFire    + . .     SeeInvis +     - Unarmed
rCold    . . .     Faith    .   (shield unavailable)
rNeg     . . .     Spirit   .   (armour unavailable)
rPois    +         Reflect  .   (helmet unavailable)
rElec    .         Harm     .   (cloak unavailable)
rCorr    .         Rampage  .   (gloves unavailable)
Will     .....                  (boots unavailable)
Stlth    +.........             (no amulet)
HPRegen  0.10/turn              o - ring of Oenomania {rPois Str+6}
MPRegen  0.10/turn              e - ring of protection from fire

@: on berserk cooldown, slowed, slow
A: very small, claws 1, fangs 3, see invisible, speed 1, shaggy fur 2, stealthy
paws, no weapons or thrown items, no armour, multi-lived
a: Renounce Religion, Berserk, Trog's Hand


You were on level 5 of the Dungeon.
You worshipped Trog.
Trog was pleased with you.
You visited 1 branch of the dungeon, and saw 5 of its levels.

You collected 233 gold pieces.

Inventory:

Jewellery
 c - a ring of protection from cold
 e - a ring of protection from fire (right paw)
 o - the ring of Oenomania (left paw) {rPois Str+6}
   (You found it on level 4 of the Dungeon)

   [ring of strength]

   Str:       It affects your strength (+6).
   rPois:     It protects you from poison.
Scrolls
 f - a scroll of holy word {unknown}
 i - a scroll of noise {unknown}
 j - 2 scrolls of teleportation {unknown}
 k - 2 scrolls of identify {unknown}
 l - a scroll of magic mapping {unknown}
 n - a scroll of enchant weapon {unknown}
Potions
 a - 2 potions of haste {unknown}
 b - 2 potions of degeneration {unknown}
 d - a potion of might {unknown}
 g - 2 potions of lignification {unknown}
 h - a potion of magic {unknown}
 m - a potion of berserk rage {unknown}
 p - a potion of mutation {unknown}
 q - a potion of brilliance {unknown}


   Skills:
 * Level 6.3 Fighting
 - Level 6.0 Dodging
 - Level 4.0 Unarmed Combat


You had 5 spell levels left.
You didn't know any spells.
Your spell library was empty.

Dungeon Overview and Level Annotations

Branches:
Dungeon (5/15)
 Temple: D:4-7

Altars:
Hepliaklqana
Vehumet


Innate Abilities, Weirdness & Mutations

You have sharp claws.
You have razor-sharp teeth.
You have supernaturally acute eyesight. (SInv)
You cover ground quickly. (Speed+)
You are covered in thick fur. (AC +2)
Your paws help you pounce on unaware monsters.
You are incapable of wielding weapons or throwing items.
You cannot wear armour.
You gain extra lives every three experience levels.


Message History

You see here a +0 quarterstaff.
You now have 233 gold pieces (gained 13).
Found a chain mail.
An orc comes into view. It is wielding a +0 dagger.
The orc moves out of view.
An orc comes into view. It is wielding a +0 mace.
An orc comes into view. It is wielding a +0 dagger.
An ogre comes into view. It is wielding a +0 giant spiked club.
The orc shouts!
An orc priest comes into view. It is wielding a +0 short sword.
The orc hits you with a +0 dagger.
There is a stone staircase leading up here.
A red film seems to cover your vision as you go berserk!
You feel yourself moving faster!
You feel mighty!
You feel a strong urge to attack something.
You scratch the orc.
The orc is heavily wounded.
You claw the orc!
You kill the orc!
Trog accepts your kill.
You feel a strong urge to attack something.
There is a stone staircase leading up here.
You are no longer berserk.
You are exhausted.
You feel yourself slow down. The ogre closely misses you.
You barely miss the ogre. The ogre closely misses you.
You scratch the ogre.
The ogre is lightly wounded.
The ogre hits you with a +0 giant spiked club!!
Ouch! That really hurt!
* * * LOW HITPOINT WARNING * * *
The orc completely misses you.
You scratch the ogre. You bite the ogre.
The ogre is moderately wounded.
The ogre closely misses you. The orc completely misses you.
There is a stone staircase leading up here.
The orc barely misses you.
The ogre hits you with a +0 giant spiked club!
You die...

#.#..###....# ###.......#..#
.......##..## ###............#
##..........###....##.#)..#..#
#..##..##.............##..####
...#..#####........##.....#
#......###.........###...##
###.....#...........#...##
###...#.................# #####
<#..............@O.###..## #...##
.#..............o.)o.#...###....#
.)..................o......#...#
##...............#.##......#..#
.#.....>........######........##
#............... ##.........##
................ #...........#
................ ###.[.........#
........#....... .......Oo.##....


You could see an ogre, an orc priest and 2 orcs.

Vanquished Creatures
  4 orc priests
  2 hounds
  A gnoll shaman (D:3)
  Natasha (thrice) (D:4)
  5 gnolls
  A howler monkey skeleton (D:5)
  2 adders (D:3)
  An ufetubus (D:5)
  A worm (D:2)
  A dart slug (D:4)
  14 orcs
  3 ball pythons
  4 endoplasms
  4 giant cockroaches
  2 hobgoblins
  3 jackals (D:1)
  3 quokkas
  4 bats
  A frilled lizard (D:2)
  7 goblins (D:2)
  10 kobolds
  5 rats
81 creatures vanquished.

Vanquished Creatures (others)
  A goblin (D:4)
1 creature vanquished.

Grand Total: 82 creatures vanquished

Notes
Turn   | Place    | Note
-------+----------+-------------------------------------------
     0 | D:1      | Thatpatchoflichen the Felid Berserker began the quest for
                  | the Orb.
     0 | D:1      | Reached XP level 1. HP: 10/10 MP: 2/2
   226 | D:1      | Reached XP level 2. HP: 14/14 MP: 3/3
  1068 | D:2      | Reached XP level 3. HP: 17/17 MP: 4/4
  2791 | D:3      | Reached skill level 5 in Dodging
  2791 | D:3      | Reached XP level 4. HP: 17/22 MP: 5/5
  3046 | D:3      | Reached ** piety under Trog
  3157 | D:3      | Found a faded altar of an unknown god.
  3747 | D:3      | Reached XP level 5. HP: 18/25 MP: 6/6
  4098 | D:3      | Found a hazy altar of Hepliaklqana.
  4807 | D:4      | Found a radiant altar of Vehumet.
  4854 | D:4      | Noticed Natasha
  4860 | D:4      | Killed Natasha
  4876 | D:4      | Reached skill level 5 in Fighting
  5179 | D:4      | Identified the ring of Oenomania {rPois Str+6}
  5261 | D:4      | Killed from afar by an orc priest
  5262 | D:4      | Reached XP level 4. HP: -5/23 MP: 5/5
  5283 | D:4      | Reached XP level 5. HP: 12/26 MP: 6/6
  5361 | D:4      | Noticed Natasha
  5369 | D:4      | Killed Natasha
  5434 | D:4      | Noticed Natasha
  5444 | D:4      | Killed Natasha
  5808 | D:5      | Entered Level 5 of the Dungeon
  6230 | D:5      | Gained mutation: You are covered in thick fur. (AC +2)
                  | [Felid growth]
  6230 | D:5      | Reached XP level 6. HP: 30/31 MP: 7/7
  6665 | D:5      | Slain by an ogre

Illustrated notes

Levels and vault maps discovered:
D:1:      noname_arrival_rooms_in_the_neighbourhood, layout_basic
D:2:      layout_basic, kennysheep_generic_room_11
D:3:      layout_loops_ring, nicolae_hepliaklqana_hippocampus,
          shapermc_ecumenical_altar_pompeii, minmay_unequal
D:4:      layout_basic, fiery_altar_vehumet, uniq_natasha
D:5:      layout_cave_pools, mainiacjoe_overflow_big_doors

Skill      XL: |  1  2  3  4  5 |
---------------+----------------+-----
Dodging        | 5 6 |  6.0
Fighting       | 4 6 |  6.3
Unarmed Combat | 4 |  4.0

Action                   |  1- 3 |  4- 6 || total
-------------------------+-------+-------++-------
Melee: Unarmed           |   105 |   168 ||   273
       Bite              |     5 |    19 ||    24
       Punch             |       |     2 ||     2
Invok: Berserk           |     6 |     6 ||    12
       Trog's Hand       |       |     1 ||     1
 Stab: Sleeping          |     1 |       ||     1
Armor: Skin              |     6 |     7 ||    13
Dodge: Dodged            |    99 |   164 ||   263
